 Dungeon Crawl Stone Soup version 0.29.1-2-gbd0b4ee654 (webtiles) character file.

Game seed: 14775281055847529994

1006 olddryhag the Chopper (level 8, -2/59 HPs)
             Began as a Demonspawn Gladiator on Oct 31, 2022.
             Was a Believer of Uskayaw.
             Slain by a shadow (5 damage)
             ... on level 4 of the Dungeon.
             The game lasted 00:11:56 (4702 turns).

olddryhag the Chopper (Demonspawn Gladiator)        Turns: 4702, Time: 00:11:56

Health: -2/59      AC:  9    Str: 17    XL:     8   Next: 0%
Magic:  8/8        EV: 11    Int: 10    God:    Uskayaw [**....]
Gold:   165        SH:  0    Dex: 14    Spells: 7/7 levels left

rFire   + . .      SeeInvis .   a - +0 war axe (venom)
rCold   + . .      Faith    .   (no shield)
rNeg    . . .      Spirit   .   j - +0 scale mail of the Sky {rElec Stlth+}
rPois   .          Reflect  .   c - +1 helmet
rElec   +          Harm     .   s - scarf {rC+ rF+}
rCorr   .          Rampage  .   (gloves unavailable)
Will    .....                   (no boots)
Stlth   +.........              (no amulet)
HPRegen 0.19/turn               (no ring)
MPRegen 0.11/turn               (no ring)

@: flying
A: claws 3, spiny 1
a: Renounce Religion, Stomp, Line Pass


You were on level 4 of the Dungeon.
You worshipped Uskayaw.
Uskayaw was noncommittal.
You visited 2 branches of the dungeon, and saw 6 of its levels.

You collected 354 gold pieces.
You spent 189 gold pieces at shops.

Inventory:

Hand Weapons
 a - a +0 war axe of venom (weapon)
Missiles
 d - 2 throwing nets (quivered)
 e - a javelin
Armour
 b - a +0 leather armour
 c - a +1 helmet (worn)
 j - the +0 scale mail of the Sky (worn) {rElec Stlth+}
   (You bought it in a shop on level 3 of the Dungeon)

   rElec:     It insulates you from electricity.
   Stlth:     It makes you more stealthy.
 r - a scarf of shadows
 s - a scarf of resistance (worn)
Wands
 m - a wand of quicksilver (2)
Scrolls
 k - 2 scrolls of teleportation
 l - a scroll of magic mapping
 n - a scroll of silence
 t - a scroll of identify
Potions
 f - a potion of ambrosia
 g - 2 potions of resistance
 i - a potion of might {unknown}
 o - a potion of attraction {unknown}
 p - a potion of cancellation {unknown}
 q - a potion of flight


   Skills:
 + Level 3.6 Fighting
 + Level 6.5 Axes
 + Level 2.2 Throwing
 + Level 3.9 Armour
 + Level 3.6 Dodging
 + Level 1.3 Stealth
 + Level 0.1 Evocations


You had 7 spell levels left.
You didn't know any spells.
Your spell library was empty.

Dungeon Overview and Level Annotations

Branches:
Dungeon (5/15)             Temple (1/1) D:4

Altars:
Ashenzari
Cheibriados
Fedhas
Gozag
Hepliaklqana
Makhleb
Okawaru
Qazlal
Ru
Sif Muna
Trog
Uskayaw
Xom
Yredelemnul

Shops:
D:3 [   D:4 *

Annotations:
D:5 Pikel


Innate Abilities, Weirdness & Mutations

You have claws for hands.
You are partially covered in sharp spines.


Message History

A dart slug comes into view.
You hit the dart slug but do no damage.
The dart slug is poisoned.
An adder comes into view.
The dart slug is struck by your spines.
The dart slug bites you but does no damage.
You hit the dart slug.
You kill the dart slug!
The sentinel's mark upon you fades away.
An orc priest comes into view. It is wielding a +0 whip.
The shadow is struck by your spines. The shadow completely misses you.
The shadow attacks as you move away! The shadow hits you.
* * * LOW HITPOINT WARNING * * *
The shadow attacks as you move away! The shadow barely misses you.
The shadow attacks as you move away! The shadow hits you.
* * * LOW HITPOINT WARNING * * *
The shadow slips into darkness.
The shadow flickers and vanishes!
Deactivating autopickup; reactivate with Ctrl-A.
The shadow strikes at you from the darkness!
* * * LOW HITPOINT WARNING * * *
Reactivating autopickup.
Uskayaw prepares the audience for your solo!
The shadow is no longer paralysed.
The adder is no longer paralysed.
The shadow attacks as you move away! The shadow is struck by your spines.
The shadow hits you.
* * * LOW HITPOINT WARNING * * *
There is a stone staircase leading up here.
The shadow hits you.
You climb upwards.
There is a stone staircase leading down here.
You feel very buoyant.
You fly up into the air.
The shadow hits you.
You hit the shadow but do no damage.
The shadow is lightly damaged.
The shadow closely misses you.
You closely miss the shadow.
The shadow is lightly damaged.
The shadow is struck by your spines. The shadow hits you.
You die...

#.............#
#.............#
#########.............##
#.......#######.........
#.......# #.........
#.......# #.........
#.......#######.........
#######W....#.##########
#@....#..#.......#
#.....#..#.......#
#.....'..#.......#
#.....#..#.......#
#.....#..#.......#
#.....#..#....<..#
#.....#..#.......#
#.....#..#........
#.....#..#.......)


You could see a shadow.

Vanquished Creatures
  Sigmund (D:3)
  An orc warrior (D:5)
  A black bear (D:5)
  A centaur (D:5)
  A gnoll sergeant (D:5)
  3 scorpions
  A hound (D:4)
  An orc priest (D:5)
  Jessica (D:3)
  Natasha (D:3)
  An orc wizard (D:4)
  5 gnolls
  7 adders
  An ufetubus (D:5)
  A worm (D:3)
  4 dart slugs
  10 orcs
  8 endoplasms
  7 goblins
  6 hobgoblins
  7 jackals
  2 quokkas
  10 ball pythons
  7 bats
  3 frilled lizards
  4 kobolds
  2 rats
97 creatures vanquished.

Vanquished Creatures (others)
  2 bushes (D:5)
2 creatures vanquished.

Grand Total: 99 creatures vanquished

Notes
Turn   | Place    | Note
-------+----------+-------------------------------------------
     0 | D:1      | olddryhag the Demonspawn Gladiator began the quest for the
                  | Orb.
     0 | D:1      | Reached XP level 1. HP: 16/16 MP: 1/1
    51 | D:1      | Reached skill level 3 in Axes
    89 | D:1      | Gained mutation: You have sharp fingernails. [demonic
                  | ancestry]
    89 | D:1      | Reached XP level 2. HP: 20/22 MP: 2/2
  1146 | D:2      | Gained mutation: You have very sharp fingernails. [demonic
                  | ancestry]
  1146 | D:2      | Reached XP level 3. HP: 27/27 MP: 3/3
  1387 | D:2      | Found a burning altar of Makhleb.
  1476 | D:2      | Found a faded altar of an unknown god.
  1997 | D:3      | Reached XP level 4. HP: 32/33 MP: 4/4
  2081 | D:3      | Noticed Jessica
  2081 | D:3      | Noticed Natasha
  2086 | D:3      | Killed Jessica
  2087 | D:3      | Reached skill level 1 in Armour
  2092 | D:3      | Killed Natasha
  2093 | D:3      | Reached skill level 4 in Axes
  2117 | D:3      | Found Avita's Antique Armour Shoppe.
  2252 | D:3      | Noticed Sigmund
  2258 | D:3      | Killed Sigmund
  2259 | D:3      | Reached XP level 5. HP: 39/39 MP: 5/5
  2259 | D:3      | Gained mutation: You are partially covered in sharp spines.
                  | [demonic ancestry]
  2259 | D:3      | Reached XP level 6. HP: 46/46 MP: 6/6
  2325 | D:3      | Bought a glimmering scale mail for 189 gold pieces
  2325 | D:3      | Identified the +0 scale mail of the Sky {rElec Stlth+} (You
                  | bought it in a shop on level 3 of the Dungeon)
  2418 | D:3      | Reached skill level 5 in Axes
  2956 | D:4      | Found a staircase to the Ecumenical Temple.
  2967 | Temple   | Entered the Ecumenical Temple
  2968 | Temple   | Found a transporter.
  2968 | Temple   | Found a transporter.
  2970 | Temple   | Found a transporter.
  2970 | Temple   | Found a transporter.
  3018 | Temple   | Became a worshipper of Uskayaw the Reveller
  3063 | D:4      | Reached * piety under Uskayaw
  3083 | D:4      | Reached ** piety under Uskayaw
  3369 | D:4      | Found Qann's Lightly-Used Armoury.
  3613 | D:4      | Identified the +5 short sword of Corruption {flame, rElec
                  | rPois rF- Str-4 Int+3 Stlth+}
  3665 | D:4      | Reached *** piety under Uskayaw
  4060 | D:5      | Entered Level 5 of the Dungeon
  4256 | D:5      | Found a shimmering blue altar of Sif Muna.
  4265 | D:5      | Reached XP level 7. HP: 52/52 MP: 7/7
  4328 | D:5      | Reached skill level 6 in Axes
  4328 | D:5      | Reached skill level 1 in Stealth
  4547 | D:5      | Noticed a shadow
  4669 | D:5      | Noticed Pikel
  4673 | D:5      | Reached **** piety under Uskayaw
  4675 | D:5      | Gained mutation: You have claws for hands. [demonic
                  | ancestry]
  4675 | D:5      | Reached XP level 8. HP: 14/59 MP: 8/8
  4697 | D:5      | HP: 2/59 [shadow (4)]
  4702 | D:4      | Slain by a shadow

Illustrated notes

Levels and vault maps discovered:
D:1:      dpeg_arrival_arbitrary_c, layout_basic
D:2:      layout_basic, basic_altar, shapermc_ecumenical_altar_ellora
D:3:      layout_basic, serial_shops, shop_coins, uniq_jessica, uniq_sigmund,
          uniq_natasha
D:4:      layout_gridville, minmay_temple_entry_hall, minmay_shop_damaged,
          columned_hall_lemuel
D:5:      layout_basic, led_sif_book, minmay_hedge_maze, uniq_pikel,
          uniq_crazy_yiuf_cottage, uniq_menkaure, uniq_edmund
Temple:   hellmonk_temple_divided_pantheon

Skill      XL: |  1  2  3  4  5  6  7 |
---------------+----------------------+-----
Throwing       | 2 |  2.2
Axes           | 3 4 5 6 |  6.5
Dodging        | 3 |  3.6
Armour         | 2 3 |  3.9
Fighting       | 3 |  3.6
Stealth        | 1 |  1.3
Evocations     | |  0.1

Action                   |  1- 3 |  4- 6 |  7- 9 || total
-------------------------+-------+-------+-------++-------
Melee: War axe           |   112 |    68 |    39 ||   219
       Punch             |     2 |     2 |     2 ||     6
Throw: Throwing net      |       |     2 |     2 ||     4
Evoke: Wand              |       |       |     2 ||     2
  Use: Scroll            |     6 |     6 |     1 ||    13
       Potion            |       |       |     3 ||     3
 Stab: Paralysed         |       |     2 |     2 ||     4
Armor: Leather armour    |    45 |     3 |       ||    48
       Scale mail        |       |    19 |    15 ||    34
Dodge: Dodged            |    97 |    39 |    40 ||   176
